 Dungeon Crawl Stone Soup version 0.28.0-45-g0d030f2227 (webtiles) character file.

Game seed: 4071131235824218666

150 ImHallYall the Skirmisher (level 5, -3/46 HPs)
             Began as a Ghoul Fighter on Apr 7, 2022.
             Was a Believer of Vehumet.
             Slain by a river rat (7 damage)
             ... on level 3 of the Dungeon.
             The game lasted 00:06:19 (1170 turns).

ImHallYall the Skirmisher (Ghoul Fighter)           Turns: 1170, Time: 00:06:20

Health: -3/46      AC:  9    Str: 20    XL:     5   Next: 32%
Magic:  4/4        EV: 10    Int:  5    God:    Vehumet [**....]
Gold:   65         SH:  0    Dex:  8    Spells: 2/4 levels left

rFire   . . .      SeeInvis .   e - +2 quarterstaff (chaos)
rCold   + . .      Faith    .   (shield currently unavailable)
rNeg    + + +      Spirit   .   b - +0 scale mail
rPois   ∞          Reflect  .   (no helmet)
rElec   .          Harm     .   f - +0 cloak
rCorr   .          Rampage  .   (no gloves)
Will    .....                   h - +0 pair of boots
Stlth   ..........              (no amulet)
HPRegen 0.00/turn               (no ring)
MPRegen 0.09/turn               (no ring)

@: inhibited regen, very slow
A: claws 1, cold resistance 1, negative energy resistance 3, inhibited
regeneration, torment resistance 2
a: Renounce Religion


You were on level 3 of the Dungeon.
You worshipped Vehumet.
Vehumet was pleased with you.
You visited 1 branch of the dungeon, and saw 3 of its levels.

You collected 65 gold pieces.

Inventory:

Hand Weapons
 a - a +0 long sword
 e - a +2 quarterstaff of chaos (weapon)
Armour
 b - a +0 scale mail (worn)
 c - a +0 buckler
 f - a +0 cloak (worn)
 h - a +0 pair of boots (worn)
Scrolls
 g - a scroll of vulnerability {unknown}
Potions
 d - a potion of might
 i - a potion of magic {unknown}
 j - 2 potions of resistance


   Skills:
 + Level 4.0 Fighting
 + Level 2.7 Long Blades
 + Level 1.2 Staves
 + Level 3.3 Armour
 + Level 1.1 Dodging
 + Level 3.1 Shields
 + Level 0.1 Spellcasting
 + Level 0.1 Conjurations


You had 2 spell levels left.
You knew the following spells:

 Your Spells              Type           Power      Damage    Failure   Level
a - Shock                 Conj/Air       0%         1d3       82%         1
b - Summon Small Mammal   Summ           0%         N/A       83%         1

Your spell library contained the following spells:

 Spells                   Type           Power      Damage    Failure   Level
 Call Canine Familiar     Summ           0%         N/A       99%         3
 Summon Guardian Golem    Hex/Summ       0%         N/A       99%         3


Dungeon Overview and Level Annotations

Branches:
Dungeon (3/15)

Altars:
Vehumet

Shops:
D:2 [


Innate Abilities, Weirdness & Mutations

You thrive by killing the living.
You are immune to poison.
You have sharp fingernails.
Your flesh is cold resistant. (rC+)
You are immune to negative energy. (rN+++)
You do not regenerate when monsters are visible.
You are immune to unholy pain and torment.


Message History

You sock the rat! You burn the rat.
You kill the rat!
Vehumet accepts your kill.
You feel better.
You swap places.
You swap places.
You swap places.
You hear the slow rusting of a drain very nearby.
A rat comes into view.
The rat moves out of view.
A river rat comes into view.
You hit the rat.
You kill the rat!
Vehumet accepts your kill.
You feel better.
A river rat comes into view.
The river rat bites you. The river rat barely misses you.
You see here a rat corpse.
You barely miss the river rat. The river rat closely misses you.
The river rat bites you.
* * * LOW HITPOINT WARNING * * *
You closely miss the river rat. The river rat closely misses you.
The river rat bites you.
* * * LOW HITPOINT WARNING * * *
Your unstable footing causes you to fumble your attack.
The river rat bites you.
* * * LOW HITPOINT WARNING * * *
The river rat bites you but does no damage.
The river rat bites you.
* * * LOW HITPOINT WARNING * * *
Your unstable footing causes you to fumble your attack.
The river rat barely misses you.
The river rat bites you but does no damage. x2
Your unstable footing causes you to fumble your attack.
The river rat barely misses you. The river rat completely misses you.
Your unstable footing causes you to fumble your attack.
The river rat completely misses you. The river rat closely misses you.
Your unstable footing causes you to fumble your attack.
The river rat closely misses you. The river rat bites you!
You die...

##....##.).....#...
#......#...#.###.#.#
#........#.......#.#
#####≈≈.....#.## #
#≈≈≈...##...
####≈#....# ##
≈≈#≈≈≈...#
#####≈#≈#≈...#
#≈≈r@Z#≈≈≈≈..#
#≈≈≈≈#r#≈#≈#≈...#
### #≈#≈#≈#≈..##
≈≈#≈≈≈#...#
########...# #####


You could see 2 river rats and a friendly rat zombie.

Vanquished Creatures
  Crazy Yiuf (D:2)
  Jessica (D:2)
  2 river rats (D:3)
  3 adders
  4 worms
  2 dart slugs (D:1)
  An endoplasm (D:3)
  2 giant cockroaches
  4 goblins
  8 kobolds
  A quokka (D:1)
  4 ball pythons
  3 bats
  2 frilled lizards (D:1)
  5 rats
43 creatures vanquished.

Notes
Turn   | Place    | Note
-------+----------+-------------------------------------------
     0 | D:1      | ImHallYall the Ghoul Fighter began the quest for the Orb.
     0 | D:1      | Reached XP level 1. HP: 19/19 MP: 0/0
   209 | D:1      | Reached XP level 2. HP: 22/26 MP: 1/1
   505 | D:1      | Found a faded altar of an unknown god.
   545 | D:1      | Prayed at the altar of an unknown god.
   545 | D:1      | Became a worshipper of Vehumet
   545 | D:1      | Reached * piety under Vehumet
   545 | D:1      | Offered knowledge of Shock by Vehumet.
   566 | D:1      | Learned a level 1 spell: Shock
   578 | D:2      | Reached XP level 3. HP: 26/33 MP: 2/2
   580 | D:2      | Found Guys's Armour Emporium.
   706 | D:2      | Found a runed translucent door.
   707 | D:2      | Noticed Crazy Yiuf
   715 | D:2      | Killed Crazy Yiuf
   716 | D:2      | Reached skill level 4 in Fighting
   716 | D:2      | Reached XP level 4. HP: 31/40 MP: 1/3
   864 | D:2      | Noticed Jessica
   882 | D:2      | Killed Jessica
  1053 | D:2      | Learned a level 1 spell: Summon Small Mammal
  1101 | D:3      | Reached skill level 1 in Dodging
  1117 | D:3      | Reached XP level 5. HP: 17/46 MP: 4/4
  1119 | D:3      | Reached skill level 1 in Staves
  1162 | D:3      | Reached ** piety under Vehumet
  1170 | D:3      | Slain by a river rat

Illustrated notes

Levels and vault maps discovered:
D:1:      dpeg_arrival_short_road, layout_basic, serial_shops, shop,
          chequers_ecumenical_altar_island, amcnicky_mini_corridor_feature,
          minmay_cupped
D:2:      layout_basic, serial_shops, nicolae_diamond_shop,
          uniq_crazy_yiuf_cottage, uniq_jessica
D:3:      minmay_chambers_of_twos, layout_loops_cross,
          lightli_sewer_entry_pipes, kennysheep_donut,
          hangedman_abyss_or_decor_stabs, st_stairs_14

Skill      XL: |  1  2  3  4  5 |
---------------+----------------+-----
Long Blades    | 2 |  2.7
Shields        | 3 |  3.1
Fighting       | 4 |  4.0
Armour         | 3 |  3.3
Dodging        | 1 |  1.1
Staves         | 1 |  1.2
Spellcasting   | |  0.1
Conjurations   | |  0.1

Action                   |  1- 3 |  4- 6 || total
-------------------------+-------+-------++-------
Melee: Long sword        |    73 |       ||    73
       Quarterstaff      |       |    61 ||    61
  Use: Scroll            |     1 |     1 ||     2
Armor: Scale mail        |    31 |    46 ||    77
Dodge: Dodged            |    40 |    45 ||    85
Block: Buckler           |    24 |       ||    24
